 Dungeon Crawl Stone Soup version 0.27.0-1-g7a089689b8 (webtiles) character file.

Game seed: 6015493278791874861

95 SnakkuSnakku7 the Cudgeller (level 4, -1/48 HPs)
             Began as an Ogre Delver on Aug 6, 2021.
             Slain by a scorpion (7 damage)
             ... on level 3 of the Dungeon.
             The game lasted 00:02:56 (2496 turns).

SnakkuSnakku7 the Cudgeller (Ogre Delver)           Turns: 2496, Time: 00:02:57

Health: -1/48      AC:  4    Str: 17    XL:     4   Next: 66%
Magic:  4/4        EV:  9    Int: 11    God:
Gold:   82         SH:  0    Dex: 10    Spells: 3/3 levels left

rFire    . . .     SeeInvis .   a - +0 mace
rCold    . . .     Faith    .   (no shield)
rNeg     . . .     Spirit   .   b - +0 robe
rPois    +         Reflect  .   (helmet restricted)
rElec    .         Harm     .   h - +0 cloak
rCorr    .         Rampage  .   (gloves unavailable)
Will     .....                  (boots unavailable)
Stlth    ++........             (no amulet)
HPRegen  0.16/turn              m - ring of poison resistance
MPRegen  0.09/turn              (no ring)

@: mighty, lethally poisoned (-1 -> -7), flying, very slightly contaminated,
hasted, invisible, very quick
A: large, unfitting armour, tough skin 1
a: no special abilities


You were on level 3 of the Dungeon.
You visited 1 branch of the dungeon, and saw 5 of its levels.

You collected 82 gold pieces.

Inventory:

Hand Weapons
 a - a +0 mace (weapon)
Missiles
 o - 10 javelins (quivered)
Armour
 b - a +0 robe (worn)
 h - a +0 cloak (worn)
Jewellery
 m - a ring of poison resistance (left hand)
 q - a ring of ice
Wands
 g - a wand of digging (3)
Scrolls
 c - a scroll of fog
 d - a scroll of magic mapping
 e - a scroll of fear
 k - 4 scrolls of identify {unknown}
 l - a scroll of noise {unknown}
 n - a scroll of teleportation {unknown}
Potions
 f - 2 potions of haste


   Skills:
 - Level 4.0 Fighting
 - Level 4.1 Maces & Flails
 + Level 1.1 Throwing
 - Level 1.7 Dodging
 - Level 3.7 Stealth


You had 3 spell levels left.
You didn't know any spells.
Your spell library contained the following spells:

 Spells                   Type           Power      Damage    Failure   Level
 Ignite Poison            Fire/Tmut/Pois 0%         N/A       71%         3
 Mephitic Cloud           Conj/Pois/Air  0%         N/A       71%         3
 Bolt of Magma            Conj/Fire/Erth 0%         4d4       100%        5


Dungeon Overview and Level Annotations

Branches:
Dungeon (5/15)
 Temple: D:4-7

Altars:

Shops:
D:2 !


Innate Abilities, Weirdness & Mutations

You are too large for most types of armour.
You have tough skin. (AC +1)


Message History

The scorpion is moderately wounded.
You feel very sick. The scorpion barely misses you.
You hit the scorpion but do no damage.
The scorpion is moderately wounded.
You feel very sick. The scorpion stings you. x2
You hit the scorpion.
The scorpion is heavily wounded.
You feel sick. The scorpion barely misses you.
You hit the scorpion but do no damage.
The scorpion is heavily wounded.
You feel sick. The scorpion completely misses you.
You hit the scorpion but do no damage.
The scorpion is heavily wounded.
You feel sick. The scorpion stings you. x2
You feel yourself speed up.
You feel sick. The scorpion stings you.
You are lethally poisoned!
The scorpion poisons you!
* * * LOW HITPOINT WARNING * * *
You feel very sick.
* * * LOW HITPOINT WARNING * * *
You feel very sick.
* * * LOW HITPOINT WARNING * * *
You feel sick.
It was a potion of might.
You feel very mighty all of a sudden.
* * * LOW HITPOINT WARNING * * *
You feel sick.
It was a potion of invisibility.
You fade into invisibility!
* * * LOW HITPOINT WARNING * * *
You feel sick. The scorpion closely misses you.
You are very lightly contaminated with residual magic.
It was a potion of flight.
You feel very buoyant.
You fly up into the air.
* * * LOW HITPOINT WARNING * * *
You feel sick. The scorpion stings you!
You die...

### #.. ###### #.# #(.
######....# #.. ..
###......#.#### #..
....+.#......#....#######.
#...#.####................
#(....@.###....#...[.#.
###..#.s.........#)......
#)...#..).###....#.......
# #....#.# ##.#.#..###..
###.........#....#...#
##############.#.#..
##...>.. #....... #.##....


You could see a scorpion.

Vanquished Creatures
  Natasha (D:4)
  An adder (D:3)
  A worm (D:2)
  A dart slug (D:4)
  An orc (D:3)
  3 ball pythons
  2 endoplasms (D:2)
  3 giant cockroaches
  5 goblins
  6 hobgoblins
  8 jackals
  3 kobolds
  2 quokkas
  5 bats
  4 frilled lizards
  4 rats
50 creatures vanquished.

Vanquished Creatures (others)
  4 plants (D:5)
4 creatures vanquished.

Grand Total: 54 creatures vanquished

Notes
Turn   | Place    | Note
-------+----------+-------------------------------------------
     0 | D:5      | SnakkuSnakku7 the Ogre Delver began the quest for the Orb.
     0 | D:5      | Reached XP level 1. HP: 24/24 MP: 1/1
   360 | D:4      | Reached XP level 2. HP: 32/32 MP: 2/2
   407 | D:4      | Noticed a black bear
   441 | D:4      | Noticed Natasha
   448 | D:4      | Killed Natasha
   449 | D:4      | Reached XP level 3. HP: 15/39 MP: 3/3
   688 | D:2      | Found Wamie's Distillery.
  1062 | D:3      | Reached XP level 4. HP: 35/48 MP: 4/4
  1727 | D:1      | Found a faded altar of an unknown god.
  2456 | D:3      | Reached skill level 1 in Throwing
  2480 | D:3      | Noticed a scorpion
  2496 | D:3      | Slain by a scorpion

Illustrated notes

Levels and vault maps discovered:
D:1:      ncdulo_watergridlock, layout_loops_cross,
          dilly_ecumenical_altar_fadedgnrine
D:2:      layout_basic, serial_shops, nicolae_shop_trees
D:3:      kennysheep_the_goblin_king, layout_basic, mainiacjoe_overflow_alcove_2
D:4:      layout_basic, uniq_natasha, uniq_sigmund
D:5:      layout_loops_cross, ashenzari_conservatory_becter,
          minmay_temple_entry_overgrown, chequers_big_river,
          serial_park_tiny_pond, chequers_serial_rivers_micro_b

Skill      XL: |  1  2  3  4 |
---------------+-------------+-----
Maces & Flails | 2 3 4 |  4.1
Throwing       | 1 |  1.1
Fighting       | |  4.0
Dodging        | |  1.7
Stealth        | |  3.7

Action                   |  1- 3 |  4- 6 || total
-------------------------+-------+-------++-------
Melee: Mace              |    93 |    91 ||   184
Throw: Javelin           |       |     3 ||     3
  Use: Potion            |       |     4 ||     4
 Stab: Sleeping          |     3 |     3 ||     6
Armor: Robe              |    63 |    42 ||   105
Dodge: Dodged            |    73 |    60 ||   133
